 Dungeon Crawl Stone Soup version 0.29.1-15-g9cfb28693d (webtiles) character file.

Game seed: 476009420693533060

51 protoss039 the Digger (level 3, -6/26 HPs)
             Began as a Demonspawn Earth Elementalist on Mar 9, 2023.
             Mangled by a black bear (7 damage)
             ... on level 3 of the Dungeon.
             The game lasted 00:02:02 (2035 turns).

protoss039 the Digger (DsEE)                        Turns: 2035, Time: 00:02:03

Health: -6/26      AC:  5    Str:  8    XL:     3   Next: 57%
Magic:  0/6        EV:  9    Int: 18    God:
Gold:   82         SH:  3    Dex: 13    Spells: 4/7 levels left

rFire   . . .      SeeInvis .   d - +0 dagger
rCold   . . .      Faith    .   m - +0 buckler
rNeg    . . .      Spirit   .   e - +0 ring mail
rPois   .          Reflect  .   (no helmet)
rElec   .          Harm     .   (no cloak)
rCorr   .          Rampage  .   (no gloves)
Will    .....                   (no boots)
Stlth   +.........              (no amulet)
HPRegen 0.08/turn               (no ring)
MPRegen 0.10/turn               (no ring)

@: very slightly contaminated
A: ignite blood 2
a: no special abilities


You were on level 3 of the Dungeon.
You visited 1 branch of the dungeon, and saw 3 of its levels.

You collected 82 gold pieces.

Inventory:

Hand Weapons
 d - a +0 dagger (weapon)
Armour
 e - a +0 ring mail (worn)
 m - a +0 buckler (worn)
Scrolls
 f - 2 scrolls of identify {unknown}
 h - a scroll of magic mapping {unknown}
 k - 2 scrolls of enchant weapon {unknown}
 n - a scroll of poison {unknown}
Potions
 a - a potion of might {unknown}
 b - a potion of magic
 c - 4 potions of curing {unknown}
 g - a potion of heal wounds {unknown}
 i - a potion of cancellation {unknown}
 j - a potion of mutation {unknown}
 l - a potion of attraction {unknown}


   Skills:
 + Level 1.6 Fighting
 * Level 0.2 Armour
 - Level 1.7 Dodging
 - Level 1.7 Stealth
 + Level 0.1 Shields
 + Level 2.6 Spellcasting
 - Level 0.8 Transmutations
 + Level 3.2 Earth Magic


You had 4 spell levels left.
You knew the following spells:

 Your Spells              Type           Power      Damage    Failure   Level
a - Sandblast             Erth           26%        2d8       19%         1
b - Passwall              Tmut/Erth      7%         N/A       43%         2

Your spell library contained the following spells:

 Spells                   Type           Power      Damage    Failure   Level
 Foxfire                  Conj/Fire      8%         2x1d4     58%         1
 Stone Arrow              Conj/Erth      16%        3d8       73%         3
 Conjure Flame            Conj/Fire      2%         6-21      91%         3
 Inner Flame              Hex/Fire       2%         N/A       91%         3
 Petrify                  Tmut/Erth      9%         N/A       97%         4
 Flame Wave               Conj/Fire      2%         2d4       100%        4


Dungeon Overview and Level Annotations

Branches:
Dungeon (3/15) Zot: 15943

Altars:


Innate Abilities, Weirdness & Mutations

Your demonic aura often causes spilled blood to erupt in flames.


Message History

Confirm with . or Enter, or press ? or * to list all spells.
Aiming: Sandblast (safe; 19% risk of failure)
Press: ? - help, Shift-Dir - straight line, f/p - black bear
Aim: a black bear (lightly wounded, 87% to hit)
The blast of sand hits the black bear.
The black bear is moderately wounded.
The black bear closely misses you. You block the black bear's attack.
The black bear barely misses you.
Casting: Sandblast (safe; 19% risk of failure)
Confirm with . or Enter, or press ? or * to list all spells.
Aiming: Sandblast (safe; 19% risk of failure)
Press: ? - help, Shift-Dir - straight line, f/p - black bear
Aim: a black bear (moderately wounded, 87% to hit)
You miscast Sandblast.
You are very lightly contaminated with residual magic.
Nothing appears to happen.
You block the black bear's attack. The black bear claws you.
The black bear claws you but does no damage.
Casting: Sandblast (safe; 19% risk of failure)
Confirm with . or Enter, or press ? or * to list all spells.
Aiming: Sandblast (safe; 19% risk of failure)
Press: ? - help, Shift-Dir - straight line, f/p - black bear
Aim: a black bear (moderately wounded, 87% to hit)
You miscast Sandblast.
Nothing appears to happen.
The black bear bites you.
* * * LOW HITPOINT WARNING * * *
The black bear misses you. The black bear closely misses you.
Unknown command.
Casting: Sandblast (safe; 19% risk of failure)
Confirm with . or Enter, or press ? or * to list all spells.
Aiming: Sandblast (safe; 19% risk of failure)
Press: ? - help, Shift-Dir - straight line, f/p - black bear
Aim: a black bear (moderately wounded, 87% to hit)
The blast of sand hits the black bear.
The black bear is moderately wounded.
The black bear closely misses you. The black bear claws you.
* * * LOW HITPOINT WARNING * * *
The black bear claws you.
* * * LOW HITPOINT WARNING * * *
The black bear bites you!
You die...

#.#...#####.....
#†###...########
#.# ###......^.
#.# #########
###.# #...#
#.### #># #@#
#h# #w#
#.......$..
#.....#####
#.....# #.....#
#.....# #.....#


You could see a black bear and a worm.

Vanquished Creatures
  An adder (D:2)
  2 ball pythons
  4 endoplasms
  A giant cockroach (D:1)
  4 goblins
  7 hobgoblins
  3 jackals (D:2)
  2 quokkas
  4 bats
  3 frilled lizards
  5 kobolds
  3 rats
39 creatures vanquished.

Notes
Turn   | Place    | Note
-------+----------+-------------------------------------------
     0 | D:1      | protoss039 the Demonspawn Earth Elementalist began the
                  | quest for the Orb.
     0 | D:1      | Reached XP level 1. HP: 13/13 MP: 3/3
   145 | D:1      | Found a faded altar of an unknown god.
   165 | D:1      | Gained mutation: Your demonic aura sometimes causes spilled
                  | blood to erupt in flames. [demonic ancestry]
   165 | D:1      | Reached XP level 2. HP: 12/20 MP: 1/5
   338 | D:1      | Reached skill level 1 in Fighting
   785 | D:1      | Reached skill level 3 in Earth Magic
  1246 | D:2      | Gained mutation: Your demonic aura often causes spilled
                  | blood to erupt in flames. [demonic ancestry]
  1246 | D:2      | Reached XP level 3. HP: 24/26 MP: 0/6
  1929 | D:2      | Learned a level 2 spell: Passwall
  2024 | D:3      | Noticed a black bear
  2035 | D:3      | HP: 1/26 [black bear (2)]
  2035 | D:3      | Mangled by a black bear

Illustrated notes

Levels and vault maps discovered:
D:1:      minmay_arrival_solitary_statue, layout_basic,
          ebering_ecumenical_altar_box
D:2:      minmay_skewed_foursquare, layout_rooms, minmay_domino_2
D:3:      minmay_recursive_quarters, layout_rooms,
          yredelemnul_forgotten_temple_becter, roderic_roman_lattice,
          grunt_decor_cap

Skill      XL: |  1  2 |
---------------+-------+-----
Fighting       | 1 |  1.6
Earth Magic    | 3 |  3.2
Armour         | |  0.2
Dodging        | |  1.7
Stealth        | |  1.7
Shields        | |  0.1
Spellcasting   | |  2.6
Transmutations | |  0.8

Action                   || total
-------------------------++-------
Melee: Unarmed           ||    10
       Dagger            ||    70
 Cast: Sandblast         ||    41
Armor: Leather armour    ||     2
       Robe              ||     1
       Ring mail         ||    45
Dodge: Dodged            ||    68
Block: Buckler           ||     5
